 Dungeon Crawl Stone Soup version 0.23.2-40-g277498a001 (webtiles) character file.

Game seed: 11646015486603579554

16438 Ivernyr the Transmogrifier (level 12, -3/52 HPs)
             Began as a Vine Stalker Transmuter on Oct 1, 2019.
             Was a High Priest of Elyvilon.
             Slain by a skeletal warrior
             ... wielding a +0 vampiric glaive
              (21 damage)
             ... on level 11 of the Dungeon.
             The game lasted 00:53:52 (10938 turns).

Ivernyr the Transmogrifier (VSTm)                  Turns: 10938, Time: 00:53:53

Health: -3/52      AC:  9    Str: 13    XL:     12   Next: 37%
Magic:  0/26       EV: 13    Int: 17    God:    Elyvilon [*****.]
Gold:   710        SH:  0    Dex: 19    Spells: 18/29 levels left

rFire    . . .     SeeInvis .     - Unarmed
rCold    . . .     Gourm    .   (shield currently unavailable)
rNeg     . . .     Faith    .   u - +3 leather armour "Xitramix" {rElec Dex+3 Stlth+}
rPois    .         Spirit   +   c - +0 helmet (curse)
rElec    +         Reflect  .   v - +1 cloak
rCorr    .         Harm     .   (gloves currently unavailable)
MR       +....                  (no boots)
Stlth    +++.......             m - amulet of magic regeneration
HPRegen  0.97/turn              G - ring of stealth
MPRegen  0.45/turn              (no ring)

@: blade hands
A: fangs 3, regeneration 2, magic shield, antimagic bite, no potion heal 3, rot
immunity
a: End Transformation, Lesser Healing, Heal Other, Purification, Greater
Healing, Divine Vigour, Divine Protection, Renounce Religion


You were on level 11 of the Dungeon.
You worshipped Elyvilon.
Elyvilon was extremely pleased with you.
You were not hungry.
You had blades for hands.
You visited 2 branches of the dungeon, and saw 15 of its levels.

You collected 710 gold pieces.

Inventory:

Missiles
 a - 141 arrows
Armour
 c - a cursed +0 helmet (worn)
 u - the +3 leather armour "Xitramix" (worn) {rElec Dex+3 Stlth+}
   (You found it on level 5 of the Dungeon)

   It affects your dexterity (+3).
   It insulates you from electricity.
   It makes you more stealthy.
 v - a +1 cloak (worn)
Jewellery
 m - an amulet of magic regeneration (around neck)
 t - a +5 amulet of reflection {unknown}
 D - an uncursed ring of ice
 E - an uncursed amulet of guardian spirit {unknown}
 G - a ring of stealth (left scythe-like blade)
 J - an uncursed amulet of the acrobat {unknown}
Wands
 n - a wand of polymorph (8)
 A - a wand of paralysis (4)
 C - a wand of iceblast (10)
 F - a wand of enslavement (8)
Scrolls
 e - 3 scrolls of remove curse {unknown}
 f - 5 scrolls of teleportation {unknown}
 g - 12 scrolls of identify {unknown}
 h - a scroll of noise {unknown}
 i - 4 scrolls of magic mapping {unknown}
 l - 2 scrolls of enchant weapon {unknown}
 p - 3 scrolls of immolation {unknown}
 q - a scroll of random uselessness {unknown}
 r - 4 scrolls of fog {unknown}
 w - a scroll of silence {unknown}
 x - 2 scrolls of amnesia {unknown}
 y - a scroll of blinking {unknown}
 z - a scroll of fear {unknown}
Potions
 b - 2 potions of brilliance {unknown}
 j - 2 potions of might {unknown}
 k - 2 potions of haste {unknown}
 o - 2 potions of lignification {unknown}
 s - a potion of heal wounds {unknown}
 B - a potion of degeneration {unknown}
 H - a potion of magic {unknown}
 I - a potion of curing {unknown}
Comestibles
 d - 17 rations


   Skills:
 - Level 0.8 Fighting
 - Level 2.6 Dodging
 + Level 9.5 Unarmed Combat
 + Level 9.3 Spellcasting
 * Level 12.5 Transmutations
 + Level 8.5 Invocations


You had 18 spell levels left.
You knew the following spells:

 Your Spells              Type           Power        Failure   Level  Hunger
a - Beastly Appendage     Tmut           ######       6%          1    None
b - Sticks to Snakes      Tmut           ######..     7%          2    None
c - Spider Form           Tmut/Pois      ####......   24%         3    None
d - Blade Hands           Tmut           ######....   21%         5    #####..

Your spell library contained the following spells:

 Spells                   Type           Power        Failure   Level  Hunger
 Ice Form                 Ice/Tmut       ####....     43%         4    ###....
 Summon Small Mammal      Summ           #...         50%         1    None
 Call Imp                 Summ           #.......     61%         2    None
 Call Canine Familiar     Summ           #.......     77%         3    None
 Summon Guardian Golem    Hex/Summ       #.......     77%         3    None
 Summon Ice Beast         Ice/Summ       #.......     97%         4    ###....
 Summon Lightning Spire   Summ/Air       #.......     97%         4    ###....


Dungeon Overview and Level Annotations

Branches:
Dungeon (14/15)            Temple (1/1) D:4            Lair (0/6) D:11
    Orc (0/2) D:10
 Vaults: D:13-14

Altars:
Ashenzari
Cheibriados
Dithmenos
Elyvilon
Fedhas
Gozag
Hepliaklqana
Kikubaaqudgha
Makhleb
Okawaru
Qazlal
Ru
Sif Muna
Uskayaw
Wu Jian
Xom
Yredelemnul
The Shining One

Shops:
D:4 *   D:8 [

Annotations:
D:10 2 transporters, Beldrama's ghost, journeyman TrMo


Innate Abilities, Weirdness & Mutations

You have razor-sharp teeth.
You heal very quickly.
When hurt, damage is shared between your health and your magic reserves.
Your bite disrupts and absorbs the magic of your enemies.
Potions cannot restore your health.
You are immune to rotting.


Message History

The skeletal warrior is moderately damaged.
The skeletal warrior hits you with a +0 vampiric glaive!
The skeletal warrior draws strength from your wounds!
You hit the skeletal warrior but do no damage.
Your bite misses the skeletal warrior.
The skeletal warrior is moderately damaged.
You closely miss the skeletal warrior.
You bite the skeletal warrior, but do no damage.
The skeletal warrior is moderately damaged.
The skeletal warrior hits you with a +0 vampiric glaive.
The skeletal warrior draws strength from your wounds!
You hit the skeletal warrior. You slash the skeletal warrior.
You bite the skeletal warrior, but do no damage.
The skeletal warrior is moderately damaged.
The skeletal warrior hits you with a +0 vampiric glaive!!
The skeletal warrior draws strength from your wounds!
You slash the skeletal warrior! Your bite misses the skeletal warrior.
The skeletal warrior is moderately damaged.
The skeletal warrior hits you from afar with a +0 vampiric glaive!!
You die...

# #..## ##.#
###....###. #
##..#####..#
##.....)##.. #
#.........#
#........... #
##........#
#......<(... #
##......## #..........#
# ###....# #.######...#
# ###....### #### ###.#
# #####........####z.##
#..
##.............@.zz..#
...
##...######.########..#
..# #..### ### # ...#
...# ...#### #.....#
#..#### #..##


You could see 3 skeletal warriors.

Vanquished Creatures
  Fannar (D:12)
  2 two-headed ogres
  An unseen horror (D:13)
  3 ugly things
  A manticore (D:11)
  A cyclops (D:11)
  An elephant (D:11)
  Maurice (D:10)
  2 trolls
  3 hippogriffs
  A shadow (D:12)
  2 wyverns
  A human (shapeshifter) (D:13)
  2 basilisks (D:11)
  9 yaks
  2 hungry ghosts (D:8)
  An acid dragon (D:14)
  3 ice beasts
  4 black bears
  2 orc warriors
  3 phantoms
  4 sky beasts
  A hornet zombie (D:8)
  4 ogres
  5 centaurs
  A big kobold (D:10)
  8 bullfrogs
  A gnoll sergeant (D:9)
  A wyvern zombie (D:11)
  2 wyvern skeletons
  2 scorpions
  8 killer bees
  11 wights
  4 howler monkeys
  9 crimson imps
  2 quasits
  4 bullfrog zombies
  6 hounds
  2 centaur zombies
  2 jellies
  6 centaur skeletons
  3 orc priests
  A bullfrog skeleton (D:6)
  3 iguanas
  10 orc wizards
  14 worker ants
  A hound zombie (D:9)
  2 hound skeletons
  A mummy (D:7)
  A worker ant zombie (D:9)
  A howler monkey zombie (D:6)
  9 gnolls
  A howler monkey skeleton (D:7)
  9 adders
  4 shadow imps
  An ooze (D:6)
  An adder skeleton (D:5)
  3 adder zombies
  A worm (D:4)
  A dart slug (D:3)
  6 leopard geckos
  43 orcs
  A ball python (D:2)
  6 giant cockroaches
  8 goblins
  11 hobgoblins
  8 jackals
  21 kobolds
  2 quokkas
  5 bats (D:1)
  3 frilled lizards
  2 goblin zombies (D:7)
  A jackal skeleton (D:6)
  A quokka skeleton (D:6)
  6 rats
320 creatures vanquished.

Vanquished Creatures (collateral kills)
  A two-headed ogre (D:8)
  A jackal (D:8)
2 creatures vanquished.

Grand Total: 322 creatures vanquished

Notes
Turn   | Place    | Note
-------+----------+-------------------------------------------
     0 | D:1      | Ivernyr the Vine Stalker Transmuter began the quest for the
                  | Orb.
     0 | D:1      | Reached XP level 1. HP: 9/9 MP: 4/4
   284 | D:1      | Reached XP level 2. HP: 14/14 MP: 6/6
   293 | D:1      | Learned a level 2 spell: Sticks to Snakes
   732 | D:1      | Reached XP level 3. HP: 15/17 MP: 7/7
   770 | D:1      | Learned a level 3 spell: Spider Form
  2184 | D:3      | Reached skill level 3 in Transmutations
  2184 | D:3      | Gained mutation: Your natural rate of healing is unusually
                  | fast. [Vine Stalker growth]
  2184 | D:3      | Reached XP level 4. HP: 21/21 MP: 3/9
  2466 | D:3      | Found a blossoming altar of Fedhas.
  2545 | D:3      | Reached XP level 5. HP: 25/25 MP: 7/10
  2786 | D:3      | Found a hazy altar of Hepliaklqana.
  2870 | D:4      | Reached skill level 4 in Transmutations
  2883 | D:4      | Reached XP level 6. HP: 16/29 MP: 7/12
  3007 | D:4      | Found a staircase to the Ecumenical Temple.
  3013 | Temple   | Entered the Ecumenical Temple
  3104 | Temple   | Became a worshipper of Elyvilon the Healer
  3298 | D:4      | Found a hide-covered altar of Uskayaw.
  3440 | D:4      | Reached skill level 1 in Invocations
  3440 | D:4      | Reached XP level 7. HP: 24/32 MP: 11/13
  3482 | D:4      | Reached * piety under Elyvilon
  3528 | D:4      | Found an opulent altar of Gozag.
  3530 | D:4      | Found Gozag's Platinum Reserve.
  3805 | D:5      | Entered Level 5 of the Dungeon
  3813 | D:5      | Reached skill level 5 in Transmutations
  4569 | D:5      | Gained mutation: You have razor-sharp teeth. [Vine Stalker
                  | growth]
  4569 | D:5      | Reached XP level 8. HP: 37/37 MP: 12/15
  4582 | D:5      | Got a steaming leather armour
  4597 | D:5      | Identified the +3 leather armour "Xitramix" {rElec Dex+3
                  | Stlth+} (You found it on level 5 of the Dungeon)
  4749 | D:6      | Reached ** piety under Elyvilon
  4756 | D:6      | Reached skill level 6 in Transmutations
  4758 | D:6      | Found an ancient bone altar of Kikubaaqudgha.
  4788 | D:6      | Reached skill level 5 in Unarmed Combat
  4917 | D:6      | Learned a level 5 spell: Blade Hands
  5077 | D:6      | Reached skill level 5 in Spellcasting
  5174 | D:6      | Reached skill level 7 in Transmutations
  5201 | D:6      | Noticed a wyvern
  5217 | D:6      | Killed a wyvern
  5264 | D:6      | Reached XP level 9. HP: 29/40 MP: 10/18
  5644 | D:6      | Reached *** piety under Elyvilon
  6041 | D:7      | Reached skill level 8 in Transmutations
  6332 | D:7      | Found a shattered altar of Ashenzari.
  6333 | D:7      | Found a sacrificial altar of Ru.
  6665 | D:7      | Reached **** piety under Elyvilon
  6930 | D:7      | Found a shimmering altar of Xom.
  7088 | D:8      | Reached skill level 5 in Invocations
  7225 | D:8      | Noticed a two-headed ogre
  7241 | D:8      | Killed a two-headed ogre
  7241 | D:8      | Reached skill level 9 in Transmutations
  7241 | D:8      | Reached XP level 10. HP: 21/44 MP: 9/21
  7428 | D:8      | Found Zatis's Antique Armour Boutique.
  8557 | D:9      | Reached skill level 10 in Transmutations
  8755 | D:9      | Reached ***** piety under Elyvilon
  8979 | D:9      | Noticed a two-headed ogre
  8997 | D:9      | Killed a two-headed ogre
  9303 | D:10     | Entered Level 10 of the Dungeon
  9381 | D:10     | Reached XP level 11. HP: 48/48 MP: 19/23
  9396 | D:10     | Found a staircase to the Orcish Mines.
  9593 | D:10     | Noticed Maurice
  9607 | D:10     | Reached skill level 11 in Transmutations
  9624 | D:10     | Killed Maurice
  9647 | D:10     | Noticed Beldrama's ghost (journeyman TrMo)
  9675 | D:10     | Found a transporter.
  9677 | D:10     | Found a transporter.
  9987 | D:11     | Noticed a cyclops
 10010 | D:11     | Killed a cyclops
 10078 | D:11     | Found a staircase to the Lair.
 10193 | D:11     | You fall through a shaft for 3 floors!
 10251 | D:14     | Noticed a seven-headed hydra
 10274 | D:12     | Noticed Fannar
 10420 | D:13     | Killed an unseen horror
 10483 | D:13     | Noticed a green ugly thing
 10494 | D:13     | Killed a green ugly thing
 10494 | D:13     | Reached skill level 12 in Transmutations
 10525 | D:12     | Killed Fannar
 10525 | D:12     | Gained mutation: You heal very quickly. [Vine Stalker
                  | growth]
 10525 | D:12     | Reached XP level 12. HP: 22/52 MP: 5/25
 10754 | D:11     | Noticed a two-headed ogre
 10780 | D:11     | Killed a two-headed ogre
 10938 | D:11     | Slain by a skeletal warrior

Skill      XL: |  1  2  3  4  5  6  7  8  9 10 11 12 |
---------------+-------------------------------------+-----
Dodging        | 2 |  2.6
Transmutations | 3 4 5 7 9 10 12 | 12.5
Spellcasting   | 3 4 5 6 7 8 9 |  9.3
Unarmed Combat | 4 5 7 9 |  9.5
Invocations    | 1 2 3 5 6 8 |  8.5
Fighting       | |  0.8

Action                   |  1- 3 |  4- 6 |  7- 9 | 10-12 || total
-------------------------+-------+-------+-------+-------++-------
Melee: Unarmed           |   157 |   178 |   447 |   440 ||  1222
       Bite              |    34 |    14 |    62 |   105 ||   215
       Punch             |     2 |       |     9 |    26 ||    37
       Kick              |     9 |     7 |    23 |     5 ||    44
 Cast: Beastly Appendage |     5 |     3 |     9 |     3 ||    20
       Spider Form       |     1 |    13 |    28 |     1 ||    43
       Sticks to Snakes  |       |       |     2 |     3 ||     5
       Blade Hands       |       |       |       |    39 ||    39
Invok: Lesser Healing    |       |       |     2 |     3 ||     5
       Greater Healing   |       |       |       |     2 ||     2
       Purification      |       |       |       |     1 ||     1
 Stab: Sleeping          |     1 |       |     7 |     5 ||    13
       Distracted        |       |       |     1 |     1 ||     2
  Eat: Chunk             |     4 |     7 |    11 |    18 ||    40
       Ration            |       |       |     1 |     3 ||     4
Armor: Robe              |    42 |    11 |    13 |       ||    66
       Skin              |       |     3 |    18 |       ||    21
       Leather armour    |       |       |    34 |   126 ||   160
Dodge: Dodged            |   107 |   135 |   302 |   256 ||   800
